 Dungeon Crawl Stone Soup version 0.17-a0-2027-gcac42c4 (webtiles) character file.

20 graki42 the Ruffian (level 2, 0/25 HPs)
             Began as a Naga Transmuter on Oct 10, 2015.
             Slain by a giant gecko (4 damage)
             ... on level 1 of the Dungeon.
             The game lasted 00:01:54 (822 turns).

graki42 the Ruffian (Naga Transmuter)                Turns: 822, Time: 00:01:54

Health: 0/25       AC:  1    Str: 12    XL:     2   Next: 79%
Magic:  4/5        EV: 10    Int: 13    God:
Gold:   8          SH:  0    Dex: 11    Spells: 2 memorised, 2 levels left

rFire  . . .     SeeInvis +       - Unarmed
rCold  . . .     Clarity  .     b - +0 robe
rNeg   . . .     SustAt   .     (no shield)
rPois  +         Gourm    .     (no helmet)
rElec  .         Spirit   .     (no cloak)
rCorr  .         Warding  .     (no gloves)
rMut   .         Stasis   .     (no barding)
MR     .....                    (no amulet)
Stlth  +.........               (no ring)
                                (no ring)

@: appendage (expiring), very slow, not resistant to hostile enchantments, very
unstealthy
A: horns 2, see invisible, deformed body, poison resistance, slowness 2, slow
metabolism 1, spit poison 2, AC +0
a: Spit Poison, End Transformation


You were on level 1 of the Dungeon.
You were not hungry.
You had grown temporary horns.
You visited 1 branch of the dungeon, and saw 1 of its levels.

You collected 8 gold pieces.

Inventory:

Missiles
 a - 35 arrows
Armour
 b - a +0 robe (worn)
Potions
 e - 2 potions of mutation {unknown}
 f - a potion of brilliance {unknown}
 h - a potion of lignification {unknown}
Books
 c - a book of Changes

   Spells                             Type                      Level
   a - Beastly Appendage              Transmutation                1
   b - Sticks to Snakes               Transmutation                2
   c - Spider Form                    Transmutation/Poison         3
   d - Ice Form                       Ice/Transmutation            4
   e - Blade Hands                    Transmutation                5
Comestibles
 d - a bread ration
 g - a beef jerky


   Skills:
 + Level 1.0 Fighting
 + Level 1.9 Dodging
 + Level 3.2 Unarmed Combat
 + Level 2.1 Spellcasting
 + Level 2.4 Transmutations


You had 2 spell levels left.
You knew the following spells:

 Your Spells              Type           Power        Failure   Level  Hunger
a - Beastly Appendage     Trmt           #.....       12%         1    ##.....
b - Sticks to Snakes      Trmt           #.........   17%         2    ###....


Dungeon Overview and Level Annotations

Branches:
Dungeon (1/15)

Altars:


Innate Abilities, Weirdness & Mutations

You cannot wear boots.
Your serpentine skin is tough (AC +0).
You have supernaturally acute eyesight.
Armour fits poorly on your strangely shaped body.
Your system is resistant to poisons.
You cover ground very slowly.
You have a slow metabolism.
You can spit poison.
You have a pair of horns on your head.


Message History

You hit the giant gecko but do no damage.
Your headbutt misses the giant gecko.
The giant gecko is lightly wounded.
The giant gecko bites you.
You completely miss the giant gecko.
The giant gecko is lightly wounded.
The giant gecko bites you.
* * * LOW HITPOINT WARNING * * *
You miss the giant gecko. Your headbutt misses the giant gecko.
The giant gecko is lightly wounded.
The giant gecko barely misses you.
You closely miss the giant gecko.
The giant gecko is lightly wounded.
The giant gecko bites you.
* * * LOW HITPOINT WARNING * * *
You hit the giant gecko but do no damage.
The giant gecko is lightly wounded.
Your transformation is almost over.
The giant gecko bites you.
You die...

##.. #..........# ##...
#..........# #....
#..........# #....
#..........# #.... ###
#..........# #.... ..#
#..........# #.... #.#
#...l......# ##... #.#####
#@.# ##...
#.....###).####.# #....
#........[....... .###....
#......####.##...#........
#.......###.# ##...#....
###.....#.....# #...#....
#.......####.....
#...##...
#...........>....
.......... #.......#...#
### ##########


You could see a giant gecko.

Vanquished Creatures
  2 bats (D:1)
  A giant cockroach (D:1)
  3 goblins (D:1)
  4 hobgoblins (D:1)
  2 giant newts (D:1)
  3 kobolds (D:1)
  3 rats (D:1)
18 creatures vanquished.

Notes
Turn   | Place    | Note
--------------------------------------------------------------
     0 | D:1      | graki42 the Naga Transmuter began the quest for the Orb.
     0 | D:1      | Reached XP level 1. HP: 18/18 MP: 3/3
   350 | D:1      | Reached XP level 2. HP: 25/25 MP: 1/5
   373 | D:1      | Learned a level 2 spell: Sticks to Snakes
   822 | D:1      | Slain by a giant gecko

Vault maps used:
D:1:      dpeg_arrival_boxes_within_box, tso_altar

Action                   || total
-------------------------++-------
Melee: Unarmed           ||    71
 Cast: Beastly Appendage ||    13
       Sticks to Snakes  ||     1
